 Dungeon Crawl Stone Soup version 0.19-a0-158-gdcc5c43 (webtiles) character file.

70 FrankyJ the Vexing (level 4, -7/33 HPs)
             Began as a Demonspawn Wanderer on May 21, 2016.
             Was an Initiate of Okawaru.
             Mangled by SevenDeadlySins's ghost (11 damage)
             ... on level 3 of the Dungeon.
             The game lasted 00:16:58 (2291 turns).

FrankyJ the Vexing (Demonspawn Wanderer)            Turns: 2291, Time: 00:16:58

Health: -7/33      AC:  2    Str: 14    XL:     4   Next: 3%
Magic:  0/8        EV: 11    Int: 12    God:    Okawaru [......]
Gold:   71         SH:  0    Dex: 13    Spells: 2 memorised, 3 levels left

rFire  . . .     SeeInvis .     c - +0 spear
rCold  . . .     Gourm    .     d - +0 robe
rNeg   . . .     Faith    .     (no shield)
rPois  .         Spirit   +     (no helmet)
rElec  .         Dismiss  .     (no cloak)
rCorr  .         Reflect  .     (no gloves)
SustAt .         Harm     .     (no boots)
MR     .....                    h - amulet of regeneration
Stlth  +.........               (no ring)
                                (no ring)

@: not resistant to hostile enchantments, very unstealthy
A: talons 1, magic shield, magic regeneration
a: Renounce Religion


You were on level 3 of the Dungeon.
You worshipped Okawaru.
Okawaru was noncommittal.
You were not hungry.

You visited 1 branch of the dungeon, and saw 3 of its levels.

You collected 71 gold pieces.

Inventory:

Hand Weapons
 c - a +0 spear (weapon)
Armour
 d - a +0 robe (worn)
 l - a +0 animal skin
Jewellery
 h - an amulet of regeneration (around neck)
Scrolls
 g - a scroll of blinking {unknown}
 i - 3 scrolls of enchant weapon {unknown}
 j - 6 scrolls of teleportation {unknown}
 k - a scroll of amnesia {unknown}
 u - a scroll of noise {unknown}
 w - a scroll of fear {unknown}
Potions
 m - a potion of might {unknown}
 o - 2 potions of invisibility {unknown}
 p - a potion of lignification {unknown}
 q - a potion of flight {unknown}
 t - a potion of brilliance {unknown}
Books
 a - a book of Maledictions

   Spells                             Type                      Level
   a - Corona                         Hexes                        1
   b - Ensorcelled Hibernation        Hexes/Ice                    2
   c - Confuse                        Hexes                        3
   d - Tukima's Dance                 Hexes                        3
   e - Dazzling Spray                 Conjuration/Hexes            3
 b - the Grimoire of the Oath

   Spells                             Type                      Level
   a - Corona                         Hexes                        1
   b - Inner Flame                    Hexes/Fire                   3
Comestibles
 f - 3 bread rations
 n - a royal jelly
 r - 2 meat rations
 s - a beef jerky
 v - a chunk of flesh


   Skills:
 - Level 2.0 Fighting
 - Level 0.1 Polearms
 - Level 1.0 Throwing
 - Level 1.0 Armour
 - Level 0.3 Dodging
 - Level 0.2 Stealth
 + Level 3.2 Spellcasting
 - Level 4.1 Hexes
   Level 1.0 Evocations


You had 3 spell levels left.
You knew the following spells:

 Your Spells              Type           Power        Failure   Level  Hunger
a - Confuse               Hex            ##......     17%         3    ###....
b - Tukima's Dance        Hex            ##......     17%         3    ###....


Dungeon Overview and Level Annotations

Branches:
Dungeon (3/15)

Altars:
Okawaru
Trog

Annotations:
D:3 SevenDeadlySins's ghost, amateur DsMo


Innate Abilities, Weirdness & Mutations

You have sharp toenails.
When hurt, damage is shared between your health and your magic reserves.
You regenerate magic rapidly.


Message History

You are too injured to fight recklessly!
You are too injured to fight recklessly!
You are too injured to fight recklessly!
You are too injured to fight recklessly!
You are too injured to fight recklessly!
You are too injured to fight recklessly!
You are too injured to fight recklessly!
You are too injured to fight recklessly!
You are too injured to fight recklessly!
You are too injured to fight recklessly!
You are too injured to fight recklessly!
You are too injured to fight recklessly!
You are too injured to fight recklessly!
You are too injured to fight recklessly!
You sense that the amulet cannot attune itself to your injured body.
h - an amulet of regeneration (around neck)
As you read the scroll labeled KEGAOL MASTU, it crumbles to dust.
The creatures around you are filled with an inner flame!
It was a scroll of immolation.
SevenDeadlySins's ghost hits you!
You die...

#.# ##.#################
..................##
#.###.########.....#
#.#.#.(....<)..##..# .###
#......######..##...
.....#(.....# #..##.##
###........######..##.##
#......@W..........#...#
...)......................
.####.......#######.##....
..........# #.###.##
###..##..## #.# #.#
........# #.# #.#
####.##..# #.# #.## #..#
#.###... #.##....


You could see SevenDeadlySins's ghost (inner flame).

Vanquished Creatures
  2 adders (D:2)
  An ooze (D:1)
  A worm (D:2)
  2 dart slugs (D:1)
  2 giant geckos (D:1)
  An orc (D:2)
  A ball python (D:1)
  3 goblins
  3 hobgoblins (D:1)
  5 bats (D:1)
  3 giant newts
  10 kobolds
  4 rats
38 creatures vanquished.

Vanquished Creatures (others)
  A dancing weapon (D:2)
1 creature vanquished.

Grand Total: 39 creatures vanquished

Notes
Turn   | Place    | Note
--------------------------------------------------------------
     0 | D:1      | FrankyJ the Demonspawn Wanderer began the quest for the Orb.
     0 | D:1      | FrankyJ set off with: a book of Maledictions, the Grimoire of the Oath, a +0 spear, a +0 robe, a bread ration
     0 | D:1      | Reached XP level 1. HP: 16/16 MP: 2/2
    82 | D:1      | Identified the Grimoire of the Oath
   239 | D:1      | Gained mutation: When hurt, damage is shared between your health and your magic reserves. [demonic ancestry]
   239 | D:1      | Reached XP level 2. HP: 18/22 MP: 4/4
   553 | D:1      | Gained mutation: You have sharp toenails. [demonic ancestry]
   553 | D:1      | Reached XP level 3. HP: 13/27 MP: 4/6
   561 | D:1      | Learned a level 3 spell: Confuse
  1168 | D:2      | Learned a level 3 spell: Tukima's Dance
  1176 | D:2      | Found a bloodstained altar of Trog.
  1783 | D:2      | Found an iron altar of Okawaru.
  1787 | D:2      | Became a worshipper of Warmaster Okawaru
  2152 | D:2      | Gained mutation: You regenerate magic rapidly. [demonic ancestry]
  2152 | D:2      | Reached XP level 4. HP: 31/33 MP: 4/8
  2211 | D:3      | Noticed SevenDeadlySins's ghost (amateur DsMo)
  2291 | D:3      | Mangled by SevenDeadlySins's ghost

Vault maps used:
D:1:      kennysheep_arrival_seaside, minmay_quantized
D:2:      bloody_trog, overflow_temple_1_default, first_bread,
          minmay_item_behind_shaft, st_stairs_6
D:3:      corexii_shack_village, nicolae_overflow_crystal_walls,
          nicolae_overflow_hidden_temple

Skill      XL: |  1  2  3 |
---------------+----------+-----
Spellcasting   | 2 3 |  3.2
Fighting       | |  2.0
Polearms       | |  0.1
Throwing       | |  1.0
Armour         | |  1.0
Dodging        | |  0.3
Stealth        | |  0.2
Hexes          | |  4.1
Evocations     | |  1.0

Action                   |  1- 3 |  4- 6 || total
-------------------------+-------+-------++-------
Melee: Spear             |   165 |     9 ||   174
       Kick              |    13 |     1 ||    14
 Cast: Confuse           |    13 |     2 ||    15
       Tukima's Dance    |     1 |       ||     1
  Use: Scroll            |       |     1 ||     1
 Stab: Sleeping          |     2 |       ||     2
       Confused          |     7 |       ||     7
  Eat: Chunk             |     4 |     1 ||     5
       Beef jerky        |     1 |       ||     1
Armor: Robe              |    30 |     1 ||    31
Dodge: Dodged            |    66 |     3 ||    69
